 Seeded DCSS version 0.29.1-13-g9f3cf754e1 (webtiles) character file.

Game seed: 16245865983455551772 (custom seed)

4 OTABOTABOTAB the Caller (level 1, 11/11 HPs)
             Began as an Octopode Summoner on Jan 24, 2023.
             Quit the game on level 1 of the Dungeon.
             The game lasted 00:00:56 (100 turns).

OTABOTABOTAB the Caller (Octopode Summoner)          Turns: 100, Time: 00:00:57

Health: 11/11      AC:  1    Str:  7    XL:     1   Next: 60%
Magic:  2/3        EV: 13    Int: 17    God:
Gold:   1484       SH:  0    Dex: 12    Spells: 3/4 levels left

rFire   . . .      SeeInvis .   a - +0 sling
rCold   . . .      Faith    .   (no shield)
rNeg    . . .      Spirit   .   (helmet restricted)
rPois   .          Reflect  .   (no amulet)
rElec   .          Harm     .   (no ring)
rCorr   .          Rampage  .   (no ring)
Will    .....                   (no ring)
Stlth   +++.......              (no ring)
HPRegen 0.03/turn               (no ring)
MPRegen 0.08/turn               (no ring)
                                (no ring)
                                (no ring)

@: no status effects
A: almost no armour, amphibious, 8 rings, camouflage 1, gelatinous body 1,
(nimble swimmer 1), tentacles
a: no special abilities


You were on level 1 of the Dungeon.
You visited 1 branch of the dungeon, and saw 1 of its levels.

You collected 1484 gold pieces.

Inventory:

Hand Weapons
 a - a +0 sling (weapon)
   (You found it on level 1 of the Dungeon)
Potions
 M - a potion of magic


   Skills:
 - Level 2.0 Dodging
 - Level 2.6 Stealth
 + Level 2.1 Spellcasting
 + Level 4.1 Summonings


You had 3 spell levels left.
You knew the following spells:

 Your Spells              Type           Power      Damage    Failure   Level
a - Summon Small Mammal   Summ           60%        N/A       3%          1

Your spell library contained the following spells:

 Spells                   Type           Power      Damage    Failure   Level
 Call Imp                 Summ           15%        N/A       5%          2
 Call Canine Familiar     Summ           15%        N/A       11%         3
 Beastly Appendage        Tmut           2%         N/A       19%         1
 Summon Guardian Golem    Hex/Summ       8%         N/A       24%         3
 Wereblood                Tmut           1%         N/A       28%         2
 Spider Form              Tmut/Pois      1%         N/A       50%         3
 Summon Lightning Spire   Summ/Air       8%         N/A       63%         4
 Flame Wave               Conj/Fire      1%         2d4       88%         4
 Fireball                 Conj/Fire      0%         3d3       99%         5
 Storm Form               Tmut/Air       0%         N/A       100%        7


Dungeon Overview and Level Annotations

Branches:
Dungeon (1/15)

Altars:


Innate Abilities, Weirdness & Mutations

You cannot wear most types of armour.
You are amphibious.
You can wear up to eight rings at the same time.
Your skin changes colour to match your surroundings (Stealth+).
Your rubbery body absorbs attacks. (AC +1, EV +1)
((You are camouflaged when in or above water. (Stealth+)))
You have tentacles for arms and can constrict up to eight enemies at once.


Message History

Bad channel name for runrest: 'Jiyva says: Divide and consume' Welcome, OTABOTABOTAB the Octopode Summoner.
Game seed: 16245865983455551772 (custom seed)
Found a sling.
Found a staircase leading out of the dungeon.
a - a +0 sling
Found an escape hatch in the floor.
Found an escape hatch in the floor.
a - a +0 sling (weapon)
You see here a +0 dagger.
A goblin comes into view. It is wielding a +0 dagger.
You shoot a sling bullet. The sling bullet hits the goblin.
A quokka comes into view.
You shoot a sling bullet. The sling bullet hits the quokka.
The quokka completely misses your bat.
You now have 2/3 mp.
Your bat closely misses the quokka.
Your bat hits the quokka.
You now have 1/3 mp.
The quokka closely misses your bat.
Your bat completely misses the quokka.
Your bat hits the quokka but does no damage. x2
The quokka misses your bat. The quokka completely misses your bat.
Your bat misses the quokka. The quokka misses your bat.
Your rat closely misses the goblin.
Your bat closely misses the goblin.
Your bat hits the quokka.
The goblin hits your rat with a +0 dagger.
The quokka misses your bat.
Your rat bites the goblin.
The goblin dies!
Your bat closely misses the quokka.
Fire: a) +0 sling
Okay, then.
Your bat barely misses the quokka.
The quokka bites your bat.
Your bat dies!
Your bat's corpse disappears in a puff of smoke!
Your rat bites the quokka.
The quokka bites your rat but does no damage.
Your rat bites the quokka.
The quokka bites your rat. The quokka barely misses your rat.
Your rat closely misses the quokka.
The quokka bites your rat but does no damage.
Your rat bites the quokka but does no damage.
You now have 0/3 mp.
The quokka bites your rat.
Your rat dies!
Your rat's corpse disappears in a puff of smoke!
The quokka misses your rat.
Your rat bites the quokka.
The quokka dies!
You start resting.
MP restored: 3 You swap places.
You swap places.
An endoplasm comes into view.
Your rat disappears in a puff of smoke!
You now have 2/3 mp.
You now have 1/3 mp.
Your bat hits the endoplasm. Your bat hits the endoplasm.
The endoplasm hits your bat.
Your bat barely misses the endoplasm. x2
The endoplasm hits your quokka but does no damage.
Your quokka bites the endoplasm.
The endoplasm dies!
You swap places.
b - 3 scrolls labelled WAC GOIFOFITOUPLEC This is a scroll of acquirement!
Something appears before you!
You now have 688 gold pieces.
Something appears before you!
You now have 1484 gold pieces (gained 796).
You see here the Verses on Mutable Battling.
Something appears before you!
You pick up the Verses on Mutable Battling and begin reading...
You add the spells Beastly Appendage, Wereblood, Spider Form, Flame Wave, Fireball and Storm Form to your library.

# .# #.#
######..###
#.@b.......
.......#r.#....
#.##...#..# .
#...###.## #...
#..# ...# #..#
##.## ....
#..#.. #..#
....#
#.##...##.##
....# #....
#..#.....#


You could see a friendly quokka (summoned) and a friendly bat (summoned).

Vanquished Creatures (collateral kills)
  An endoplasm (D:1)
  A goblin (D:1)
  A quokka (D:1)
3 creatures vanquished.

Notes
Turn   | Place    | Note
-------+----------+-------------------------------------------
     0 | D:1      | OTABOTABOTAB the Octopode Summoner began the quest for the
                  | Orb.
     0 | D:1      | Reached XP level 1. HP: 11/11 MP: 3/3
    94 | D:1      | Identified 3 scrolls of acquirement
    94 | D:1      | Acquired 688 gold pieces
    96 | D:1      | Acquired 796 gold pieces
    98 | D:1      | Acquired the Verses on Mutable Battling
   100 | D:1      | Quit the game

Illustrated notes

Levels and vault maps discovered:
D:1:      minmay_arrival_hallway, layout_loops_corners, basic_ecumenical_altar,
          minmay_unequal

Action                   || total
-------------------------++-------
 Fire: Sling             ||     2
 Cast: Summon Small Mamm ||     5
  Use: Scroll            ||     3

Table legend: (Time is in decaauts)
 A = Elapsed time spent in this place.
 B = Non-inter-level travel time spent in this place.
 C = Inter-level travel time spent in this place.
 D = Time resting spent in this place.
 E = Time spent auto-exploring this place.
 F = Levels seen in this place.
 G = Mean time per level.
                   A        B        C        D        E       F      G
               +--------+--------+--------+--------+--------+-----+--------+
         Total |    100 |    100 |      0 |     25 |     23 |   1 |  100.0 |
       Dungeon |    100 |    100 |      0 |     25 |     23 |   1 |  100.0 |
               +--------+--------+--------+--------+--------+-----+--------+

Top non-repeatable levels by time:
     D:1: 100 daAuts

Table legend:
 A = Kills in this place as a percentage of kills in entire the game.
 B = Kills by you in this place as a percentage of kills by you in the entire game.
 C = Kills by friends in this place as a percentage of kills by friends in the entire game.
 D = Other kills in this place as a percentage of other kills in the entire game.
 E = Experience gained in this place as a percentage of experience gained in the entire game.
 F = Experience gained in this place divided by the number of levels of this place that you have seen.
                   A       B       C       D       E      F
               +-------+-------+-------+-------+-------+----------------------
         Total | 100.0 |   N/A | 100.0 |   N/A | 100.0 |   6.0
       Dungeon | 100.0 |   N/A | 100.0 |   N/A | 100.0 |   6.0
               +-------+-------+-------+-------+-------+----------------------
